 Dungeon Crawl Stone Soup version 0.29-a0-495-g17b79114eb (webtiles) character file.

Game seed: 1888104759024320766

588 jlumianski the Firebug (level 6, -1/46 HPs)
             Began as a Demigod Fire Elementalist on May 27, 2022.
             Slain by a killer bee (6 damage)
             ... on level 3 of the Dungeon.
             The game lasted 00:27:34 (3857 turns).

jlumianski the Firebug (Demigod Fire Elementalist)  Turns: 3857, Time: 00:27:35

Health: -1/46      AC:  4    Str:  9    XL:     6   Next: 92%
Magic:  7/14       EV: 11    Int: 25    God:
Gold:   232        SH:  0    Dex: 14    Spells: 9/12 levels left

rFire   . . .      SeeInvis .   h - +0 dagger (elec)
rCold   . . .      Faith    .   (no shield)
rNeg    . . .      Spirit   .   c - +0 leather armour
rPois   .          Reflect  .   k - +0 helmet
rElec   .          Harm     .   (no cloak)
rCorr   .          Rampage  .   (no gloves)
Will    .....                   (no boots)
Stlth   ++........              (no amulet)
HPRegen 0.15/turn               (no ring)
MPRegen 0.14/turn               (no ring)

@: no status effects
A: high MP 1, forlorn, divine attributes
a: no special abilities


You were on level 3 of the Dungeon.
You visited 1 branch of the dungeon, and saw 4 of its levels.

You collected 232 gold pieces.

Inventory:

Hand Weapons
 h - a +0 dagger of electrocution (weapon)
 i - a +2 spear of venom
Missiles
 f - 5 javelins
 g - 42 stones
Armour
 a - a +0 robe
 c - a +0 leather armour (worn)
 k - a +0 helmet (worn)
 m - a +0 buckler
 q - a +0 chain mail
Jewellery
 r - an amulet of guardian spirit
Scrolls
 d - 2 scrolls of amnesia
 l - a scroll of magic mapping
 o - a scroll of torment
 t - a scroll of fear {unknown}
Potions
 b - a potion of magic
 e - a potion of attraction
 j - a potion of degeneration
 n - 2 potions of curing
 p - a potion of haste


   Skills:
 + Level 0.8 Fighting
 + Level 0.8 Short Blades
 - Level 2.4 Armour
 + Level 2.1 Dodging
 + Level 2.8 Stealth
 + Level 3.8 Spellcasting
 + Level 2.0 Conjurations
 + Level 4.5 Fire Magic


You had 9 spell levels left.
You knew the following spells:

 Your Spells              Type           Power      Damage    Failure   Level
a - Foxfire               Conj/Fire      84%        2x1d8     3%          1
b - Scorch                Fire           54%        2d7       3%          2

Your spell library contained the following spells:

 Spells                   Type           Power      Damage    Failure   Level
 Conjure Flame            Conj/Fire      21%        6-21      10%         3
 Inner Flame              Hex/Fire       16%        N/A       16%         3
 Flame Wave               Conj/Fire      21%        2d7       32%         4


Dungeon Overview and Level Annotations

Branches:
Dungeon (4/15)
 Temple: D:4-7

Annotations:
D:3 Sigmund


Innate Abilities, Weirdness & Mutations

You have an increased reservoir of magic. (+10% MP)
You shall have no god before yourself.
Your divine heritage dramatically boosts your attributes as you level up.


Message History

You climb upwards.
Level annotation: Sigmund You feel sick.
There is a stone staircase leading down, spattered with blood here.
Casting: Foxfire (safe; 3% risk of failure)
Confirm with . or Enter, or press ? or * to list all spells.
You conjure some foxfire!
You feel sick. The killer bee stings you! The killer bee stings you.
The killer bee closely misses you. x2
You hit the killer bee but do no damage.
You feel sick.
The foxfire hits the killer bee.
The killer bee is lightly wounded.
The foxfire hits the killer bee.
The killer bee is lightly wounded.
The killer bee stings you but does no damage.
The killer bee stings you. The killer bee misses you.
The killer bee stings you but does no damage.
Casting: Foxfire (safe; 3% risk of failure)
Confirm with . or Enter, or press ? or * to list all spells.
Flames lash the killer bee.
The killer bee is moderately wounded.
The killer bee's fire resistance burns away.
You feel sick.
The killer bee stings you but does no damage.
The killer bee stings you!
* * * LOW HITPOINT WARNING * * *
The killer bee closely misses you. x2
Casting: Scorch (safe; 3% risk of failure)
Confirm with . or Enter, or press ? or * to list all spells.
Flames lash the killer bee.
The killer bee is burned terribly!
You kill the killer bee!
You feel sick.
You are no longer poisoned.
The killer bee closely misses you. x2
Casting: Scorch (safe; 3% risk of failure)
Confirm with . or Enter, or press ? or * to list all spells.
Flames lash the killer bee.
The killer bee is moderately wounded.
The killer bee's fire resistance burns away.
The killer bee barely misses you. The killer bee stings you.
You die...

#...# # ###.#
########### #.#
#.......... #.#
#.######### #.#
#.# #.# #.# #.#
##.##
#.#####...########
#@†...............
#.y..##...########
##.#.###.## #.#.#
#.##### #.#.#
#.....# #.#.#
#####.# # #.#.#
#.# # #.#.# #.# #
#.#.# #.# #


You could see a killer bee (combustible).

Vanquished Creatures
  Grinder (D:3)
  A black bear (D:3)
  5 killer bees
  Natasha (D:2)
  3 adders
  A worm (D:2)
  A dart slug (D:1)
  2 bats (D:2)
  An endoplasm (D:1)
  7 goblins
  4 hobgoblins
  4 jackals (D:3)
  2 quokkas
  6 ball pythons
  A frilled lizard (D:3)
  3 kobolds
  7 rats
50 creatures vanquished.

Vanquished Creatures (others)
  111 foxfires
111 creatures vanquished.

Grand Total: 161 creatures vanquished

Notes
Turn   | Place    | Note
-------+----------+-------------------------------------------
     0 | D:1      | jlumianski the Demigod Fire Elementalist began the quest
                  | for the Orb.
     0 | D:1      | Reached XP level 1. HP: 14/14 MP: 5/5
   428 | D:1      | Reached skill level 3 in Fire Magic
   786 | D:1      | Reached XP level 2. HP: 20/20 MP: 7/7
  1068 | D:2      | Reached skill level 1 in Conjurations
  1223 | D:2      | Reached XP level 3. HP: 14/26 MP: 3/8
  1856 | D:2      | Learned a level 2 spell: Scorch
  2193 | D:3      | Noticed Sigmund
  2230 | D:3      | Noticed Grinder
  2276 | D:3      | Noticed Natasha
  2345 | D:2      | Killed Natasha
  2346 | D:2      | Reached skill level 1 in Armour
  2346 | D:2      | Reached XP level 4. HP: 7/33 MP: 6/10
  2697 | D:3      | Noticed a black bear
  2704 | D:3      | Killed a black bear
  2705 | D:3      | Reached XP level 5. HP: 29/38 MP: 2/12
  2864 | D:3      | Killed Grinder
  2865 | D:3      | Reached skill level 4 in Fire Magic
  2865 | D:3      | Reached XP level 6. HP: 30/45 MP: 4/14
  3857 | D:3      | Slain by a killer bee

Illustrated notes

Levels and vault maps discovered:
D:1:      wander_arrival_peaceful_grave, layout_loops_ring,
          shapermc_ecumenical_altar_venn
D:2:      layout_basic, minmay_hexomino_r4
D:3:      layout_loops_ring, mainiacjoe_overflow_chevrons, uniq_natasha,
          uniq_sigmund, uniq_grinder
D:4:      layout_basic, nzn_wu_jian_council_hall

Skill      XL: |  1  2  3  4  5  6 |
---------------+-------------------+-----
Fire Magic     | 3 4 |  4.5
Stealth        | 2 |  2.8
Conjurations   | 1 2 |  2.0
Spellcasting   | 2 3 |  3.8
Armour         | 1 2 |  2.4
Dodging        | 2 |  2.1
Fighting       | |  0.8
Short Blades   | |  0.8

Action                   |  1- 3 |  4- 6 || total
-------------------------+-------+-------++-------
Melee: Dagger            |    28 |    12 ||    40
       Unarmed           |     2 |       ||     2
       Punch             |     1 |       ||     1
 Cast: Foxfire           |    44 |    20 ||    64
       Scorch            |     4 |    14 ||    18
  Use: Scroll            |     8 |     1 ||     9
       Potion            |     1 |       ||     1
Armor: Leather armour    |    17 |    16 ||    33
Dodge: Dodged            |    41 |    39 ||    80

Table legend: (Time is in decaauts)
 A = Elapsed time spent in this place.
 B = Non-inter-level travel time spent in this place.
 C = Inter-level travel time spent in this place.
 D = Time resting spent in this place.
 E = Time spent auto-exploring this place.
 F = Levels seen in this place.
 G = Mean time per level.
                   A        B        C        D        E       F      G
               +--------+--------+--------+--------+--------+-----+--------+
         Total |   3864 |   3814 |     50 |   1187 |   1030 |   4 |  966.0 |
       Dungeon |   3864 |   3814 |     50 |   1187 |   1030 |   4 |  966.0 |
               +--------+--------+--------+--------+--------+-----+--------+

Top non-repeatable levels by time:
     D:3: 1599 daAuts
     D:2: 1289 daAuts
     D:1: 945 daAuts
     D:4: 31 daAuts
